 Dungeon Sprint DCSS version 0.20.1-1-g8b1a95d (webtiles) character file.

3320 Fang the Cleaver (level 10, -1/72 HPs)
             Began as a Gargoyle Berserker on Oct 19, 2018.
             Was the Champion of Trog.
             Killed from afar by a lindwurm (39 damage)
             ... with a blast of flame
             ... in the Dungeon (Sprint VII: "The Pits").
             The game lasted 00:02:15 (1343 turns).

Fang the Cleaver (Gargoyle Berserker)               Turns: 1343, Time: 00:02:16

Health: -1/72      AC: 25    Str: 27    XL:     10   Next: 2%
Magic:  0/10       EV: 13    Int:  8    God:    Trog [******]
Gold:   0          SH:  0    Dex:  9    Spells: 9/9 levels left

rFire    . . .     SeeInvis .   q - +2 war axe (flame)
rCold    . . .     Gourm    .   (no shield)
rNeg     + . .     Faith    .   t - +3 plate armour
rPois    ∞         Spirit   .   (no helmet)
rElec    +         Reflect  .   (no cloak)
rCorr    .         Harm     .   (no gloves)
MR       .....     NoTele   +   (no boots)
Stlth    ..........             (no amulet)
Regen    0.3/turn               r - +3 ring of strength
MPRegen  0.2/turn               s - +3 ring of evasion

@: no status effects
A: negative energy resistance 1, electricity resistance, unbreathing,
petrification resistance, rot immunity, AC +7
a: Berserk, Trog's Hand, Brothers in Arms, Burn Spellbooks, Renounce Religion


You were in the Dungeon.
You worshipped Trog.
Trog was exalted by your worship.
You were not hungry.

You visited 1 branch

Inventory:

Hand Weapons
 j - a +2 hand axe of venom
 o - a +1 hand axe of draining
 p - a +2 hand axe of chopping
 q - a +2 war axe of flaming (weapon)
 u - a +1 antimagic battleaxe
Armour
 t - a +3 plate armour (worn)
Jewellery
 r - a +3 ring of strength (left hand)
 s - a +3 ring of evasion (right hand)
Scrolls
 i - a scroll of blinking
 k - 3 scrolls of remove curse
 l - a scroll of summoning
Potions
 a - 2 potions of invisibility
 d - 9 potions of curing
 e - 14 potions of heal wounds
 f - a potion of haste
 g - 4 potions of magic
 h - 4 potions of berserk rage
Comestibles
 b - 8 chunks of flesh
 c - 8 bread rations
 m - 40 fruits
 n - 7 meat rations


   Skills:
 + Level 12.5 Fighting
 + Level 13.5 Axes
 + Level 11.1 Armour
 + Level 5.3 Dodging
 + Level 6.4 Stealth


You had 9 spell levels left.
You didn't know any spells.

Dungeon Overview and Level Annotations

Branches:
Dungeon (1/1)

Altars:
Ashenzari
Cheibriados
Dithmenos
Elyvilon
Fedhas
Gozag
Hepliaklqana
Kikubaaqudgha
Makhleb
Nemelex Xobeh
Okawaru
Qazlal
Ru
Sif Muna
Trog
Uskayaw
Vehumet
Xom
Yredelemnul
Zin
The Shining One
Beogh
Jiyva
Lugonu


Innate Abilities, Weirdness & Mutations

You are resistant to torment.
Your stone body is resilient. (AC +7)
You are immune to poison.
You resist negative energy. (rN+)
You are resistant to electric shocks. (rElec)
You can survive without breathing.
You are immune to petrification.
You are immune to rotting.


Message History

The redback bites you but does no damage. x2
You slash the eye of draining! You burn the eye of draining.
You kill the eye of draining!
Trog accepts your kill.
You have reached level 10!
You hit the lindwurm but do no damage. You closely miss the redback.
The redback bites you but does no damage.
You hit the lindwurm. You burn the lindwurm.
The lindwurm is lightly wounded.
You barely miss the redback.
The lindwurm bites you but does no damage.
The lindwurm barely misses you. x2; The redback barely misses you.
Unknown command.
You hit the lindwurm but do no damage.
The lindwurm is lightly wounded.
You hit the redback. You burn the redback. The redback closely misses you.
The lindwurm breathes flames at you. The blast of flame hits you!
Ouch! That really hurt!
You die...

#................+
'................+
#......#..#......#
#................#
####'#####''######
#.......##''# ##### ##
#.......##..###...# ..+
#.......##..(##.s.# ..#
#...<...###.((##@##..##
#.......# ##÷(...k....#
#.......###..###'###...#
#.......##..##.....## .#
##########).))).....+
##########..##.....## .#
...#..[[###..###'###...#
...#!.[[# ##......†...#
...'..))###...##'##..##


You could see a lindwurm and a redback.

Vanquished Creatures
  An orc knight (D)
  A deep elf mage (D)
  An elephant (D)
  A tarantella (D)
  A spriggan (D)
  A basilisk (D)
  4 vampire mosquitoes (D)
  An orc warrior (D)
  A water moccasin (D)
  2 swamp drakes (D)
  Duvessa (D)
  An eye of draining (D)
  A necrophage (D)
  A centaur (D)
  Dowan (D)
  A scorpion (D)
  2 small abominations (D)
  An iron imp (D)
  An orc wizard (D)
  A jelly (D)
  A quasit (D)
  Jessica (D)
  A worker ant (D)
  2 river rats (D)
  A white imp (D)
  An ooze (D)
  2 orcs (D)
  A bat (D)
  A bat skeleton (D)
  A giant cockroach (D)
  A goblin (D)
  A kobold (D)
  2 quokkas (D)
  A frilled lizard (D)
42 creatures vanquished.

Vanquished Creatures (others)
  An azure jelly (D)
1 creature vanquished.

Grand Total: 43 creatures vanquished

Notes
Turn   | Place    | Note
-------+----------+-------------------------------------------
     0 | D        | Fang the Gargoyle Berserker began the quest for the Orb.
     0 | D        | Reached XP level 1. HP: 14/14 MP: 1/1
    15 | D        | Killed an azure jelly
    18 | D        | Reached skill level 3 in Axes
   177 | D        | Found a bloodstained altar of Trog.
   177 | D        | Found a deep blue altar of Sif Muna.
   177 | D        | Found a viscous altar of Jiyva.
   177 | D        | Found a hazy altar of Hepliaklqana.
   177 | D        | Found an opulent altar of Gozag.
   178 | D        | Found a glowing golden altar of the Shining One.
   178 | D        | Found a glowing silver altar of Zin.
   178 | D        | Found a basalt altar of Yredelemnul.
   178 | D        | Found a shimmering altar of Xom.
   178 | D        | Found a sacrificial altar of Ru.
   178 | D        | Found a stormy altar of Qazlal.
   178 | D        | Found an iron altar of Okawaru.
   178 | D        | Found a sparkling altar of Nemelex Xobeh.
   178 | D        | Found a burning altar of Makhleb.
   178 | D        | Found a blossoming altar of Fedhas.
   178 | D        | Found a white marble altar of Elyvilon.
   178 | D        | Found a shadowy altar of Dithmenos.
   178 | D        | Found a snail-covered altar of Cheibriados.
   180 | D        | Found a radiant altar of Vehumet.
   180 | D        | Found a corrupted altar of Lugonu.
   180 | D        | Found a roughly hewn altar of Beogh.
   229 | D        | Reached ** piety under Trog
   229 | D        | Reached XP level 2. HP: 18/20 MP: 2/2
   268 | D        | Reached skill level 4 in Axes
   268 | D        | Reached skill level 1 in Stealth
   272 | D        | Reached *** piety under Trog
   272 | D        | Reached skill level 5 in Fighting
   272 | D        | Reached XP level 3. HP: 20/26 MP: 3/3
   275 | D        | Reached skill level 5 in Axes
   406 | D        | Noticed Jessica
   406 | D        | Noticed a scorpion
   414 | D        | Killed a scorpion
   414 | D        | Reached XP level 4. HP: 32/32 MP: 4/4
   415 | D        | Reached **** piety under Trog
   416 | D        | Reached skill level 6 in Axes
   416 | D        | Reached XP level 5. HP: 37/37 MP: 5/5
   418 | D        | Killed Jessica
   424 | D        | Reached skill level 7 in Axes
   470 | D        | Noticed a water moccasin
   482 | D        | Killed a water moccasin
   482 | D        | Reached ***** piety under Trog
   482 | D        | Reached skill level 8 in Axes
   482 | D        | Reached XP level 6. HP: 37/45 MP: 6/6
   534 | D        | Noticed an elephant
   546 | D        | Killed an elephant
   546 | D        | Reached skill level 9 in Axes
   546 | D        | Reached XP level 7. HP: 36/52 MP: 7/7
   802 | D        | Noticed a deep elf mage
   802 | D        | Noticed Duvessa
   802 | D        | Noticed Dowan
   822 | D        | Killed Duvessa
   822 | D        | Reached skill level 10 in Fighting
   828 | D        | Killed a deep elf mage
   828 | D        | Received a gift from Trog
   828 | D        | Reached skill level 10 in Axes
   828 | D        | Reached XP level 8. HP: 58/59 MP: 8/8
   831 | D        | Killed Dowan
   936 | D        | Noticed a spriggan
   944 | D        | Reached skill level 5 in Stealth
   958 | D        | Killed a spriggan
   958 | D        | Reached skill level 11 in Axes
   958 | D        | Reached skill level 5 in Dodging
  1069 | D        | Found a hide-covered altar of Uskayaw.
  1069 | D        | Found an ancient bone altar of Kikubaaqudgha.
  1069 | D        | Found a shattered altar of Ashenzari.
  1111 | D        | Reached XP level 9. HP: 64/64 MP: 9/9
  1122 | D        | Received a gift from Trog
  1134 | D        | Noticed an orc knight
  1147 | D        | Reached skill level 12 in Axes
  1155 | D        | Reached ****** piety under Trog
  1155 | D        | Received a gift from Trog
  1163 | D        | Killed an orc knight
  1163 | D        | Reached skill level 10 in Armour
  1310 | D        | Reached skill level 13 in Axes
  1320 | D        | Received a gift from Trog
  1336 | D        | Noticed a lindwurm
  1341 | D        | Reached XP level 10. HP: 38/72 MP: 0/10
  1343 | D        | Killed from afar by a lindwurm

Skill      XL: |  1  2  3  4  5  6  7  8  9 |
---------------+----------------------------+-----
Axes           | 3 4 5 6 8 9 10 11 13 | 13.5
Fighting       | 4 5 6 8 9 10 11 12 | 12.5
Stealth        | 1 2 3 4 5 6 |  6.4
Dodging        | 2 3 4 5 |  5.3
Armour         | 3 4 6 8 9 11 | 11.1

Action                   |  1- 3 |  4- 6 |  7- 9 | 10-12 || total
-------------------------+-------+-------+-------+-------++-------
Melee: Hand axe          |    32 |    32 |    55 |       ||   119
       War axe           |       |       |    57 |     2 ||    59
Invok: Berserk           |     1 |     1 |     1 |       ||     3
 Stab: Sleeping          |     1 |       |       |       ||     1
       Confused          |       |       |     1 |       ||     1
  Eat: Chunk             |       |       |     4 |       ||     4
Armor: Animal skin       |    13 |       |       |       ||    13
       Plate armour      |    17 |    22 |    52 |     2 ||    93
Dodge: Dodged            |    25 |    11 |    42 |     4 ||    82
